 Dungeon Crawl Stone Soup version 0.29-a0-284-gf9362112df (webtiles) character file.

Game seed: 5591853697347949827

53 horus123 the Skirmisher (level 3, -4/29 HPs)
             Began as a Demonspawn Wanderer on Mar 15, 2022.
             Slain by a scorpion (5 damage)
             ... on level 2 of the Dungeon.
             The game lasted 00:02:57 (1618 turns).

horus123 the Skirmisher (Demonspawn Wanderer)       Turns: 1618, Time: 00:02:58

Health: -4/29      AC:  6    Str: 15    XL:     3   Next: 62%
Magic:  4/4        EV:  9    Int: 14    God:
Gold:   84         SH:  0    Dex: 10    Spells: 0/4 levels left

rFire   . . .      SeeInvis .   a - +0 flail
rCold   . . .      Faith    .   (no shield)
rNeg    . . .      Spirit   .   b - +0 scale mail
rPois   +          Reflect  .   (no helmet)
rElec   .          Harm     .   f - scarf {repulsion}
rCorr   .          Rampage  .   (no gloves)
Will    .....                   (no boots)
Stlth   ..........              g - amulet of regeneration
HPRegen 0.89/turn               h - ring of poison resistance
MPRegen 0.09/turn               (no ring)

@: repel missiles
A: powered by pain 1
a: no special abilities


You were on level 2 of the Dungeon.
You visited 1 branch of the dungeon, and saw 2 of its levels.

You collected 84 gold pieces.

Inventory:

Hand Weapons
 a - a +0 flail (weapon)
Armour
 b - a +0 scale mail (worn)
 f - a scarf of repulsion (worn)
 j - a +0 kite shield
Jewellery
 g - an amulet of regeneration (around neck)
 h - a ring of poison resistance (left hand)
Scrolls
 c - a scroll of blinking
 d - 3 scrolls of teleportation
Potions
 e - 2 potions of haste
 l - 2 potions of flight
 m - a potion of lignification
 n - a potion of attraction {unknown}


   Skills:
 - Level 3.2 Fighting
 - Level 2.6 Maces & Flails
 - Level 2.6 Armour
 + Level 1.1 Spellcasting
 - Level 2.1 Necromancy
 - Level 1.2 Invocations


You couldn't memorise any spells.
You knew the following spells:

 Your Spells              Type           Power      Damage    Failure   Level
a - Sublimation of Blood  Necr           6%         N/A       52%         2
b - Corpse Rot            Necr/Air       6%         N/A       67%         2

Your spell library contained the following spells:

 Spells                   Type           Power      Damage    Failure   Level


Dungeon Overview and Level Annotations

Branches:
Dungeon (2/15)

Altars:

Shops:
D:1 [


Innate Abilities, Weirdness & Mutations

You sometimes gain a little power by taking damage.


Message History

You feel very sick. The scorpion closely misses you.
The scorpion stings you but does no damage.
You sock the scorpion! Your punch misses the scorpion.
The scorpion is almost dead.
You feel very sick. The scorpion stings you.
You closely miss the scorpion.
The scorpion is almost dead.
You feel sick.
The scorpion stings you but does no damage.
The scorpion stings you.
You are too injured to fight recklessly!
You are too injured to fight recklessly!
You are too injured to fight recklessly!
You hit the scorpion but do no damage.
The scorpion is almost dead.
You feel sick. The scorpion stings you.
You hit the scorpion but do no damage.
The scorpion is almost dead.
You feel sick.
The scorpion stings you but does no damage.
The scorpion barely misses you.
You completely miss the scorpion.
The scorpion is almost dead.
You feel sick. The scorpion stings you.
You barely miss the scorpion.
The scorpion is almost dead.
You feel sick.
You are no longer poisoned.
The scorpion stings you but does no damage.
The scorpion stings you.
* * * LOW HITPOINT WARNING * * *
You see here 5 gold pieces.
You closely miss the scorpion.
The scorpion is almost dead.
The scorpion stings you.
* * * LOW HITPOINT WARNING * * *
The scorpion stings you.
You die...

.# ...... .# ...... ..
..... .# .... ###.#
### #. #... #≈≈≈ #.
#..###≈≈≈≈ #.
##.s...≈≈.. . ##
#..@..≈≈... ... #
#.#..≈....≈≈......##
#.#..≈..≈≈..≈.......
#.....≈≈....≈......#
#........⌠≈≈...(...#
#.......≈≈⌠........#
#.#....≈....≈≈.....#
#.#....≈..≈≈).≈....#
###.#.....≈≈....≈....#


You could see a scorpion.

Vanquished Creatures
  An adder (D:2)
  3 worms (D:2)
  A dart slug (D:2)
  4 endoplasms
  2 giant cockroaches (D:1)
  4 goblins (D:1)
  4 hobgoblins
  A quokka (D:1)
  4 ball pythons (D:1)
  4 bats
  3 frilled lizards
  2 kobolds
  A rat (D:1)
34 creatures vanquished.

Notes
Turn   | Place    | Note
-------+----------+-------------------------------------------
     0 | D:1      | horus123 the Demonspawn Wanderer began the quest for the
                  | Orb.
     0 | D:1      | horus123 set off with the following items: a +0 flail, a +0
                  | scale mail, a scroll of blinking; and the following spells
                  | available to memorise: Sublimation of Blood, Corpse Rot
     0 | D:1      | Reached XP level 1. HP: 13/13 MP: 2/2
   103 | D:1      | Reached skill level 1 in Fighting
   367 | D:1      | Gained mutation: You sometimes gain a little power by
                  | taking damage. [demonic ancestry]
   367 | D:1      | Reached XP level 2. HP: 21/22 MP: 3/3
   482 | D:1      | Reached skill level 2 in Fighting
   850 | D:1      | Found Maanky's Armour Boutique.
  1245 | D:2      | Reached XP level 3. HP: 28/28 MP: 4/4
  1437 | D:2      | Reached skill level 3 in Fighting
  1550 | D:2      | Learned a level 2 spell: Sublimation of Blood
  1553 | D:2      | Learned a level 2 spell: Corpse Rot
  1603 | D:2      | Noticed a scorpion
  1618 | D:2      | HP: 1/29 [scorpion (4)]
  1618 | D:2      | Slain by a scorpion

Illustrated notes

Levels and vault maps discovered:
D:1:      elethiomel_arrival_infinity_welcomes_careful_drivers,
          layout_loops_cross, serial_shops, shop, minmay_tromino_i2
D:2:      cheibrodos_helix_gallery, layout_basic, serial_curves, eino_curves_02,
          eino_curves_01, basic_altar, kennysheep_generic_room_16

Skill      XL: |  1  2  3 |
---------------+----------+-----
Fighting       | 1 2 3 |  3.2
Maces & Flails | |  2.6
Armour         | |  2.6
Spellcasting   | |  1.1
Necromancy     | |  2.1
Invocations    | |  1.2

Action                   || total
-------------------------++-------
Melee: Flail             ||   120
       Punch             ||     1
  Use: Scroll            ||     7
Armor: Scale mail        ||    73
Dodge: Dodged            ||    56

Table legend: (Time is in decaauts)
 A = Elapsed time spent in this place.
 B = Non-inter-level travel time spent in this place.
 C = Inter-level travel time spent in this place.
 D = Time resting spent in this place.
 E = Time spent auto-exploring this place.
 F = Levels seen in this place.
 G = Mean time per level.
                   A        B        C        D        E       F      G
               +--------+--------+--------+--------+--------+-----+--------+
         Total |   1649 |   1616 |     33 |      0 |   1247 |   2 |  824.5 |
       Dungeon |   1649 |   1616 |     33 |      0 |   1247 |   2 |  824.5 |
               +--------+--------+--------+--------+--------+-----+--------+

Top non-repeatable levels by time:
     D:1: 1030 daAuts
     D:2: 619 daAuts
